 Dungeon Crawl Stone Soup version 0.32-a0-576-g706899e69d (webtiles) character file.

Game seed: 11317071801177388657

29 horus123 the Magician (level 3, -4/24 HPs)
             Began as a Human Hedge Wizard on Mar 2, 2024.
             Slain by a gnoll
             ... wielding a +0 halberd
              (13 damage)
             ... on level 2 of the Dungeon.
             The game lasted 00:01:58 (1012 turns).

horus123 the Magician (Human Hedge Wizard)          Turns: 1012, Time: 00:01:59

Health: -4/24      AC:  2    Str: 10    XL:     3   Next: 16%
Magic:  6/7        EV: 12    Int: 16    God:
Gold:   50         SH:  0    Dex: 12    Spells: 7/8 levels left

rFire   . . .        i - +2 dagger (drain)
rCold   . . .        (no shield)
rNeg    . . .        b - +0 robe
rPois   .            c - +0 hat
rElec   .            (no cloak)
rCorr   .            (no gloves)
SInv    .            (no boots)
Will    .....        (no amulet)
Stlth   ++           (no ring)
HPRegen 0.24/turn    (no ring)
MPRegen 0.10/turn

%: no passive effects
@: no status effects
A: explore regen
a: no special abilities


You were on level 2 of the Dungeon.
You visited 1 branch of the dungeon, and saw 2 of its levels.

You collected 50 gold pieces.

Inventory:

Hand Weapons
 i - a +2 dagger of draining (weapon)
Armour
 b - a +0 robe (worn)
 c - a +0 hat (worn)
Scrolls
 a - a scroll of amnesia {unknown}
 f - 3 scrolls of teleportation {unknown}
 h - a scroll of enchant weapon {unknown}
 j - a scroll of identify {unknown}
Potions
 d - a potion of magic
 e - a potion of berserk rage {unknown}
 g - 2 potions of curing {unknown}


   Skills:
 - Level 2.0 Dodging
 - Level 2.0 Stealth
 - Level 3.0 Spellcasting
 + Level 3.0 Conjurations
 - Level 1.0 Summonings
 - Level 1.0 Translocations


You had 7 spell levels left.
You knew the following spells:

 Your Spells              Type           Power      Damage    Failure   Level
a - Magic Dart            Conj           48%        1d5       5%          1

Your spell library contained the following spells:

 Spells                   Type           Power      Damage    Failure   Level
 Slow                     Hex            8%         N/A       19%         1
 Blink                    Tloc           10%        N/A       19%         2
 Call Imp                 Summ           10%        N/A       19%         2
 Cigotuvi's Dreadful Rot  Necr/Alch/Air  4%         N/A       28%         2
 Mephitic Cloud           Conj/Alch/Air  5%         N/A       36%         3
 Inner Flame              Hex/Fire       2%         N/A       50%         3
 Irradiate                Conj/Alch      3%         3d12      95%         5
 Ignition                 Fire           1%         3d3       100%        8


Dungeon Overview and Level Annotations

Branches:
Dungeon (2/15)

Altars:


Innate Abilities, Weirdness & Mutations

You regain HP and MP as you explore.


Message History

Found 14 gold pieces.
Found an escape hatch in the ceiling.
Found a fuming dark potion.
The bat misses you.
The magic dart hits the bat.
The bat is moderately wounded.
The bat closely misses you.
The magic dart hits the bat.
You kill the bat!
You now have 50 gold pieces (gained 14).
Found a leather armour.
No target in view!
No target in view!
A rat comes into view.
You see here a +0 ring mail.
The magic dart hits the rat but does no damage.
The rat squeaks loudly.
The magic dart hits the rat.
You kill the rat!
You can't see any susceptible monsters within range! (Use Z to cast anyway.)
You can't see any susceptible monsters within range! (Use Z to cast anyway.) No target in view!
No target in view!
g - 2 fuming dark potions (gained 1) 3 gnolls come into view.
The gnoll shouts!
A gnoll comes into view. It is wielding a +0 halberd.
The gnoll completely misses you. The gnoll barely misses you.
The gnoll attacks as it pursues you! The gnoll hits you with a +0 whip!
Okay, then.
You hit the gnoll. You drain the gnoll.
The gnoll is severely wounded.
The gnoll hits you with a +0 whip!
Aiming: Magic Dart (safe; 5% risk of failure)
Press: ? - help, Q - select action Shift-Dir - straight line, f - gnoll
Aim: a gnoll, wielding a +0 whip (severely wounded, heavily drained, 100% to hit)
The magic dart hits the gnoll but does no damage.
The gnoll is severely wounded.
The gnoll hits you from afar with a +0 halberd!
Ouch! That really hurt!
You die...

..........# .<........#
..........# ...#......#
...#......#
[.........####
.............#
....##.#####.###########
##...........ggg@.......
###.....#..############
#.....#.....
#......#g.####
#......#... #......#..##
#.###..#..# #. ....g..


You could see 3 gnolls.

Vanquished Creatures
  A ball python (D:2)
  4 bats
  3 endoplasms (D:1)
  2 giant cockroaches (D:1)
  A goblin (D:1)
  3 hobgoblins (D:1)
  4 kobolds
  A quokka (D:1)
  A frilled lizard (D:1)
  6 rats
26 creatures vanquished.

Notes
Turn   | Place    | Note
-------+----------+-------------------------------------------
     0 | D:1      | horus123 the Human Hedge Wizard began the quest for the
                  | Orb.
     0 | D:1      | Reached XP level 1. HP: 13/13 MP: 4/4
   155 | D:1      | Reached XP level 2. HP: 17/19 MP: 0/6
   851 | D:2      | Reached XP level 3. HP: 24/24 MP: 2/7
  1012 | D:2      | Slain by a gnoll

Illustrated notes

Levels and vault maps discovered:
D:1:      lemuel_arrival_cross, layout_basic
D:2:      layout_basic, basic_altar

Skill      XL: |  1  2  3 |
---------------+----------+-----
Conjurations   | 2 3 |  3.0
Dodging        | |  2.0
Stealth        | |  2.0
Spellcasting   | |  3.0
Summonings     | |  1.0
Translocations | |  1.0

Action                     || total
---------------------------++-------
  Melee: Whip              ||    21
         Dagger            ||     4
   Cast: Magic Dart        ||    58
 Armour: Robe              ||    14
  Dodge: Dodged            ||    25

Table legend: (Time is in decaauts)
 A = Elapsed time spent in this place.
 B = Non-inter-level travel time spent in this place.
 C = Inter-level travel time spent in this place.
 D = Time resting spent in this place.
 E = Time spent auto-exploring this place.
 F = Levels seen in this place.
 G = Mean time per level.
                   A        B        C        D        E       F      G
               +--------+--------+--------+--------+--------+-----+--------+
         Total |   1012 |   1000 |     12 |     16 |    816 |   2 |  506.0 |
       Dungeon |   1012 |   1000 |     12 |     16 |    816 |   2 |  506.0 |
               +--------+--------+--------+--------+--------+-----+--------+

Top non-repeatable levels by time:
     D:1: 847 daAuts
     D:2: 165 daAuts
